 Dungeon Crawl Stone Soup version 0.21.1-1-g345015f (webtiles) character file.

17787 sking99 the Basher (level 12, -8/108 HPs)
             Began as a Gargoyle Fighter on June 22, 2018.
             Was the Champion of Ru.
             Killed from afar by an ice dragon (25 damage)
             ... with a blast of cold
             ... in an ice cave.
             The game lasted 00:56:35 (16708 turns).

sking99 the Basher (Gargoyle Fighter)              Turns: 16708, Time: 00:56:36

Health: -8/108     AC: 28    Str: 26    XL:     12   Next: 51%
Magic:  12/12      EV:  6    Int:  9    God:    Ru [******]
Gold:   937        SH: 20    Dex: 19    Spells: 11/11 levels left

rFire    + . .     SeeInvis .   R - +0 demon whip (venom)
rCold    + . .     Gourm    +   B - +0 large shield
rNeg     + . .     Faith    .   E - +0 plate armour {rC+}
rPois    ∞         Spirit   .   n - +2 helmet
rElec    +         Reflect  .   (no cloak)
rCorr    .         Harm     .   (no gloves)
MR       .....                  q - +2 pair of boots
Stlth    ..........             t - amulet of the gourmand
HPRegen  0.28/turn              i - ring of protection from fire
MPRegen  0.13/turn              m - +6 ring of dexterity

@: berserking, drained, very quick
A: negative energy resistance 1, electricity resistance, unbreathing,
petrification resistance, rot immunity, hated by all, magic vulnerability 1,
unskilled 1, inexperienced 1, AC +8
a: Draw Out Power, Power Leap, Apocalypse, Renounce Religion


You were in an ice cave.
You worshipped Ru.
Ru was exalted by your worship.
You were very full.

You visited 3 branches of the dungeon, and saw 16 of its levels.
You also visited: Ice Cave.

You collected 937 gold pieces.

Inventory:

Hand Weapons
 R - a +0 demon whip of venom (weapon)
Armour
 n - a +2 helmet (worn)
 q - a +2 pair of boots (worn)
 B - a +0 large shield (worn)
 E - a +0 plate armour of cold resistance (worn)
Jewellery
 i - a ring of protection from fire (left hand)
 j - an uncursed ring of fire
 m - a +6 ring of dexterity (right hand)
 t - an amulet of the gourmand (around neck)
 y - a -2 ring of protection
 J - an uncursed ring of protection from fire
Wands
 b - a wand of random effects (35)
 d - a wand of enslavement (36)
 r - a wand of acid (17)
 z - a wand of scattershot (8)
 K - a wand of iceblast (10)
 L - a wand of paralysis (17)
 M - a wand of clouds (2)
 O - a wand of flame (58)
Scrolls
 h - 8 scrolls of remove curse
 k - 2 scrolls of noise
 l - 3 scrolls of blinking
 v - 2 scrolls of immolation
 w - 4 scrolls of teleportation
 A - a scroll of amnesia
 F - 4 scrolls of fear
 G - a scroll of torment
Potions
 e - 3 potions of curing
 g - a potion of ambrosia
 p - 5 potions of flight
 s - a potion of haste
 u - a potion of lignification {unknown}
 x - 2 potions of degeneration {unknown}
 D - a potion of invisibility {unknown}
 N - 3 potions of mutation {unknown}
Books
 c - a book of Clouds

   Spells                             Type                      Level
   a - Poisonous Vapours              Poison/Air                   2
   b - Mephitic Cloud                 Conjuration/Poison/Air       3
   c - Conjure Flame                  Conjuration/Fire             3
   d - Freezing Cloud                 Conjuration/Ice/Air          6
   e - Ring of Flames                 Charms/Fire                  7
Miscellaneous
 I - a lightning rod (4/4)
Comestibles
 f - 31 rations


   Skills:
 + Level 7.0(6.3) Fighting
 - Level 14.0(13.2) Maces & Flails
 + Level 7.1(6.4) Armour
 + Level 3.0(2.4) Dodging
 * Level 12.8(12.0) Shields


You had 11 spell levels left.
You didn't know any spells.

Dungeon Overview and Level Annotations

Branches:
Dungeon (11/15)            Temple (1/1) D:7            Lair (4/6) D:9
    Orc (0/2) D:11
  Swamp: Lair:2-4    Shoals: Lair:2-4     Snake: Lair:2-4    Spider: Lair:2-4

Altars:
Ashenzari
Cheibriados
Dithmenos
Elyvilon
Fedhas
Gozag
Hepliaklqana
Kikubaaqudgha
Makhleb
Nemelex Xobeh
Okawaru
Qazlal
Ru
Sif Muna
Trog
Uskayaw
Vehumet
Wu Jian
Xom
Yredelemnul
Zin
The Shining One

Shops:
D:4 (

Annotations:
Lair:3 exclusion: 4 oklob plants


Innate Abilities, Weirdness & Mutations

You are resistant to torment.
Your stone body is resilient. (AC +8)
You are immune to poison.
You resist negative energy. (rN+)
You are resistant to electric shocks. (rElec)
You can survive without breathing.
You are immune to petrification.
You are immune to rotting.
You are hated by all.
You are slightly vulnerable to magic. (MR-)
You are somewhat unskilled. (-1 Apt)
You are somewhat inexperienced. (-2 XL)


Message History

The ice dragon begins to attack, but is stunned by your will!
The ice dragon breathes frost at you. The blast of cold hits you! You resist.
* * * LOW HITPOINT WARNING * * *
Your extra speed is starting to run out.
You feel yourself slow down.
Okay, then.
You start resting.
You feel a little less agile now.
It was a potion of berserk rage.
A red film seems to cover your vision as you go berserk!
You feel yourself moving faster!
You feel mighty!
You hit the ice dragon.
The ice dragon is lightly wounded.
You thrash the ice dragon!!
The ice dragon looks as sick as possible!
The ice dragon is moderately wounded.
The ice dragon breathes frost at you. The blast of cold hits you! You resist.
You die...

##..## ##....## ##......##
#### ##........# ##..##
#### #.........##
##....#####..####.........#
#.......##..D.##..........#
#.∩.∩......D#..............
#.........@###.............
##....##..## ###.........##
##..###### ##........##
#### #........## ##.......#
##.....## #.....# ###..##
.##


You could see 2 ice dragons.

Vanquished Creatures
  A dire elephant (Lair:2)
  The ghost of n0claF the Cleaver, a journeyman MiGl of Okawaru (D:11)
  2 hydras
  3 skeletal warriors
  A lindwurm (Lair:2)
  A cyclops (D:11)
  2 black mambas
  The ghost of Akanak the Chopper, a novice MiBe of Trog (D:5)
  An elephant (Lair:2)
  2 ice statues (IceCv)
  8 spiny frogs
  3 rime drakes
  2 komodo dragons
  3 trolls
  A polar bear (Lair:2)
  7 dream sheep (Lair:3)
  9 blink frogs (Lair:3)
  A hippogriff (Lair:1)
  2 hornets
  A meliai zombie (D:10)
  2 wraiths (D:11)
  30 yaks
  2 basilisks
  Grum (Lair:1)
  A hungry ghost (D:7)
  An acid dragon (D:11)
  3 water moccasins
  A porcupine (Lair:2)
  4 sky beasts
  8 orc warriors
  3 black bears
  16 ice beasts
  8 wolves
  3 phantoms
  A necrophage (D:11)
  3 ogres
  3 centaurs
  5 crocodiles
  A big kobold (D:8)
  A wyvern zombie (D:11)
  8 bullfrogs
  4 scorpions
  4 killer bees (D:9)
  5 howler monkeys
  3 electric eels (Lair:2)
  2 centaur zombies
  8 crimson imps
  A quasit (D:10)
  A centaur skeleton (D:7)
  9 hounds
  4 jellies
  3 orc priests
  A gnoll shaman (D:5)
  2 bullfrog skeletons
  3 iguanas
  8 worker ants
  6 orc wizards
  Terence (D:3)
  A hound zombie (D:6)
  A worker ant zombie (D:8)
  Robin (D:1)
  9 gnolls
  12 adders
  An adder skeleton (D:9)
  5 worms
  5 dart slugs
  6 leopard geckos
  54 orcs
  7 giant cockroaches
  11 goblins
  6 hobgoblins
  4 jackals
  4 quokkas
  A ball python (D:1)
  10 bats
  3 frilled lizards
  8 kobolds
  A leopard gecko skeleton (D:5)
  6 rats
  3 fungi (Lair:4)
  4 plants (Lair:4)
385 creatures vanquished.

Vanquished Creatures (others)
  A manticore (D:11)
  A cyclops (D:11)
  A water moccasin (Lair:3)
  An orc (D:10)
  6 fungi
  5 plants
  11 toadstools (Lair:2)
26 creatures vanquished.

Grand Total: 411 creatures vanquished

Notes
Turn   | Place    | Note
-------+----------+-------------------------------------------
     0 | D:1      | sking99 the Gargoyle Fighter began the quest for the Orb.
     0 | D:1      | Reached XP level 1. HP: 14/14 MP: 1/1
   268 | D:1      | Reached XP level 2. HP: 19/19 MP: 2/2
   623 | D:2      | Reached skill level 3 in Maces & Flails
   669 | D:2      | Found a blossoming altar of Fedhas.
   799 | D:2      | Noticed Robin
   821 | D:2      | Reached XP level 3. HP: 18/23 MP: 3/3
  1007 | D:1      | Killed Robin
  1328 | D:2      | Found a burning altar of Makhleb.
  1380 | D:2      | Reached skill level 4 in Maces & Flails
  1380 | D:2      | Reached XP level 4. HP: 26/28 MP: 4/4
  1730 | D:3      | Noticed Terence
  1733 | D:3      | Found an ancient bone altar of Kikubaaqudgha.
  1749 | D:3      | Killed Terence
  1749 | D:3      | Reached skill level 5 in Maces & Flails
  1749 | D:3      | Reached XP level 5. HP: 30/32 MP: 5/5
  1964 | D:3      | Found a shimmering altar of Xom.
  2199 | D:3      | Reached skill level 6 in Maces & Flails
  2199 | D:3      | Reached XP level 6. HP: 34/37 MP: 6/6
  2328 | D:4      | Found a deep blue altar of Sif Muna.
  2419 | D:4      | Found an ornate altar of the Wu Jian Council.
  2552 | D:4      | Reached skill level 7 in Maces & Flails
  2897 | D:4      | Reached XP level 7. HP: 35/41 MP: 7/7
  2899 | D:4      | Found Hiniv's Weapon Shop.
  3247 | D:5      | Entered Level 5 of the Dungeon
  3247 | D:5      | Noticed Akanak's ghost (novice MiBe)
  3532 | D:5      | Killed Akanak's ghost
  3532 | D:5      | Reached skill level 9 in Maces & Flails
  3532 | D:5      | Reached XP level 8. HP: 40/46 MP: 8/8
  3810 | D:5      | Found an opulent altar of Gozag.
  3959 | D:5      | Reached skill level 10 in Maces & Flails
  4398 | D:6      | Found an iron altar of Okawaru.
  4664 | D:6      | HP: 1/46 [orc warrior/glaive (18)]
  4667 | D:6      | Reached skill level 11 in Maces & Flails
  4887 | D:6      | Found a radiant altar of Vehumet.
  4917 | D:6      | Reached XP level 9. HP: 15/51 MP: 9/9
  5150 | D:6      | Found a shadowy altar of Dithmenos.
  5666 | D:6      | Noticed a moth of wrath
  5669 | D:6      | Found a bloodstained altar of Trog.
  5867 | D:7      | Reached skill level 12 in Maces & Flails
  6181 | D:7      | Found a staircase to the Ecumenical Temple.
  6195 | Temple   | Entered the Ecumenical Temple
  6314 | Temple   | Became a worshipper of Ru the Awakened
  6360 | D:7      | Found a sparkling altar of Nemelex Xobeh.
  6569 | D:7      | Found a glowing golden altar of the Shining One.
  6612 | D:7      | Reached skill level 13 in Maces & Flails
  6628 | D:7      | Reached XP level 10. HP: 28/56 MP: 10/10
  7302 | D:8      | Reached skill level 14 in Maces & Flails
  7309 | D:8      | Found a shattered altar of Ashenzari.
  7505 | D:8      | Got an ichor-stained falchion
  7506 | D:8      | Identified the cursed +2 falchion of Nofetod {vamp, *Contam MR+ Str+2} (You found it on level 8 of the Dungeon)
  7678 | D:8      | Noticed a two-headed ogre
  7705 | D:8      | Gained mutation: You are somewhat unskilled. (-1 Apt) [Ru sacrifice]
  7705 | D:8      | Reduced skill Maces & Flails to level 13
  7705 | D:8      | Reached * piety under Ru
  7705 | D:8      | Reached ** piety under Ru
  8009 | D:9      | Found a staircase to the Lair.
  8165 | D:9      | Found a snail-covered altar of Cheibriados.
  8385 | D:9      | Found a hide-covered altar of Uskayaw.
  8490 | D:9      | Reached skill level 5 in Shields
  8765 | D:10     | Entered Level 10 of the Dungeon
  9206 | D:10     | Reached XP level 11. HP: 39/60 MP: 11/11
  9648 | D:11     | Found a hide-covered altar of Uskayaw.
  9758 | D:11     | Noticed n0claF's ghost (journeyman MiGl)
  9914 | D:11     | Killed n0claF's ghost
 10067 | D:11     | Noticed a manticore
 10084 | D:11     | Killed a manticore
 10303 | D:11     | Found a staircase to the Orcish Mines.
 10401 | D:11     | Noticed a cyclops
 10405 | D:11     | Gained mutation: You are slightly vulnerable to magic. (MR-) [Ru sacrifice]
 10405 | D:11     | Reached *** piety under Ru
 10598 | D:11     | Noticed a cyclops
 10599 | D:11     | Noticed a six-headed hydra
 10617 | D:11     | Killed a cyclops
 10629 | D:11     | Killed a six-headed hydra
 10951 | D:11     | Noticed a skeletal warrior
 11275 | D:11     | Noticed a skeletal warrior
 11286 | D:11     | Noticed a skeletal warrior
 11305 | D:10     | Killed a skeletal warrior
 11627 | D:11     | Reached skill level 14 in Maces & Flails
 11637 | D:11     | Killed a cyclops
 11826 | D:11     | Killed a skeletal warrior
 11826 | D:11     | Reached skill level 10 in Shields
 12017 | D:10     | Killed a skeletal warrior
 12344 | Lair:1   | Entered Level 1 of the Lair of Beasts
 12502 | Lair:1   | Reached XP level 12. HP: 66/66 MP: 12/12
 12566 | Lair:1   | Noticed Grum
 12625 | Lair:1   | Killed Grum
 12745 | Lair:1   | Identified Xoss's Collected Works on Malediction
 13451 | Lair:2   | Noticed an eight-headed hydra
 13519 | Lair:1   | Gained mutation: You are somewhat inexperienced. (-2 XL) [Ru sacrifice]
 13519 | Lair:1   | Reached XP level 11. HP: 33/62 MP: 11/11
 13519 | Lair:1   | Reached XP level 10. HP: 33/58 MP: 10/10
 13519 | Lair:1   | Reached **** piety under Ru
 13519 | Lair:1   | Reached ***** piety under Ru
 13664 | Lair:2   | Killed an eight-headed hydra
 14076 | Lair:2   | Noticed a black mamba
 14100 | Lair:2   | Killed a black mamba
 14100 | Lair:2   | Reached skill level 5 in Armour
 14106 | Lair:2   | Reached skill level 5 in Fighting
 14199 | Lair:2   | Reached XP level 11. HP: 64/64 MP: 11/11
 14389 | Lair:2   | Found a runed door.
 14688 | Lair:2   | Noticed a lindwurm
 14688 | Lair:2   | Noticed a dire elephant
 14689 | Lair:2   | Found the +3 robe of Clouds {+Fly rElec}
 14699 | Lair:2   | Killed a lindwurm
 14703 | Lair:2   | Killed a dire elephant
 14995 | Lair:3   | Reached skill level 1 in Dodging
 15181 | Lair:3   | Noticed an oklob plant
 15181 | Lair:3   | Noticed an oklob plant
 15181 | Lair:3   | Noticed an oklob plant
 15181 | Lair:3   | Noticed an oklob plant
 15691 | Lair:3   | Reached XP level 12. HP: 71/71 MP: 12/12
 16193 | Lair:4   | Found a frozen archway.
 16246 | IceCv    | Entered an ice cave
 16405 | IceCv    | Gained mutation: You are hated by all. [Ru sacrifice]
 16405 | IceCv    | Reached ****** piety under Ru
 16619 | IceCv    | Noticed an ice dragon
 16620 | IceCv    | Noticed an ice dragon
 16654 | IceCv    | HP: 3/72 [ice dragon/blast of cold (12)]
 16708 | IceCv    | Killed from afar by an ice dragon

Skill      XL: |  1  2  3  4  5  6  7  8  9 10 11 12 |
---------------+-------------------------------------+-----
Maces & Flails | 3 4 5 6 7 9 11 13 13 14 | 14.0
Shields        | 11 12 | 12.8
Armour         | 5 6 7 |  7.1
Fighting       | 5 6 7 |  7.0
Dodging        | 2 3 |  3.0

Action                   |  1- 3 |  4- 6 |  7- 9 | 10-12 || total
-------------------------+-------+-------+-------+-------++-------
Melee: Flail             |   113 |   257 |   567 |  1192 ||  2129
       Demon whip        |       |       |       |   424 ||   424
Invok: Sacrifice Experie |       |       |       |     1 ||     1
       Sacrifice Skill   |       |       |       |     1 ||     1
       Draw Out Power    |       |       |       |     4 ||     4
       Apocalypse        |       |       |       |     2 ||     2
       Sacrifice Essence |       |       |       |     1 ||     1
       Sacrifice Love    |       |       |       |     1 ||     1
  Use: Scroll            |       |     7 |     6 |    10 ||    23
       Potion            |       |       |     7 |     8 ||    15
 Stab: Distracted        |       |       |       |    12 ||    12
       Invisible         |       |       |       |     2 ||     2
       Paralysed         |       |       |       |     4 ||     4
  Eat: Chunk             |     2 |     8 |    26 |    37 ||    73
       Ration            |       |       |     1 |       ||     1
Armor: Scale mail        |    88 |    64 |       |       ||   152
       Plate armour      |       |    96 |   411 |   713 ||  1220
Dodge: Dodged            |    47 |    45 |    72 |   143 ||   307
Block: Shield            |    67 |   124 |   283 |   329 ||   803
       Large shield      |       |       |       |   500 ||   500
